cohdb
Replays
Latest Replays
All Replays
Popular Replays
Top Player Replays
Match Explorer
How It Works
Community
CoH3 Stats
Reddit
Sign in to upload your games and track your stats! →
Sign in with Steam
Match 42521201
Unlisted
Match 42521201
Overview
Messages
Build Orders
End
Selects Airborne Battlegroup
Selects Pathfinders
Pathfinder Squad
Pathfinder Squad
Construct Weapon Support Center
M1919 Machine Gun Team
M1919 Machine Gun Team
Infantry Support Center
Construct Motor Pool
Selects Paratrooper Squad Paradrop
Paratrooper Squad Paradrop
Construct Tank Depot
Engineer Squad
Captain Retinue
Selects Anti-tank Gun Team Paradrop
Anti-tank Gun Team Paradrop
M4(105) Sherman Bulldozer
Anti-tank Gun Team Paradrop
M18 Hellcat Tank Destroyer
Bazooka Squad
Anti-tank Gun Team Paradrop
Nadzinator
Johoni
BIOHAZARD
Sauzer88
0
0
Comments
sign in to comment!
No comments posted yet!